 Dungeon Crawl Stone Soup version 0.28-a0-909-g796cbd3a86 (webtiles) character file.

Game seed: 14632972869811026864

19494 vineage the Warrior (level 12, -5/91 HPs)
             Began as a Gargoyle Fighter on Nov 24, 2021.
             Was a High Priest of Okawaru.
             Slain by an 11-headed hydra (9 damage)
             ... on level 1 of the Lair of Beasts.
             The game lasted 00:22:46 (17818 turns).

vineage the Warrior (Gargoyle Fighter)             Turns: 17818, Time: 00:22:48

Health: -5/91      AC: 24    Str: 26    XL:     12   Next: 69%
Magic:  14/15      EV: 13    Int: 10    God:    Okawaru [*****.]
Gold:   138        SH:  0    Dex: 16    Spells: 11/11 levels left

rFire   . . .      SeeInvis +   L - +8 great mace "Muocikyc" {vorpal, rPois}
rCold   . . .      Faith    .   (shield currently unavailable)
rNeg    + . .      Spirit   .   u - +1 ring mail of the Dragon {rPois}
rPois   ∞          Reflect  .   (no helmet)
rElec   +          Harm     .   k - +0 cloak
rCorr   .          Rampage  .   e - +0 pair of gloves
Will    .....                   m - +2 pair of boots of Xongotiu {Dex+3}
Stlth   ++........              f - amulet of the acrobat
HPRegen 0.25/turn               w - ring of see invisible
MPRegen 0.14/turn               H - +6 ring of strength

@: heroic, hasted, very quick
A: sickness immunity, AC +8, negative energy resistance 1, electricity
resistance, torment resistance 1, petrification resistance
a: Renounce Religion, Heroism, Finesse, Duel


You were on level 1 of the Lair of Beasts.
You worshipped Okawaru.
Okawaru was extremely pleased with you.
You visited 2 branches of the dungeon, and saw 13 of its levels.

You collected 706 gold pieces.
You spent 568 gold pieces at shops.

Inventory:

Hand Weapons
 j - a +1 vorpal mace
 p - a +1 whip of draining
 y - a +1 flail of protection
 E - the +10 quick blade "Kudu" {drain, +Blink rCorr Str+8 Dex-2}
   (You acquired it on level 8 of the Dungeon)

   A truly terrible weapon, it drains the life of any living foe it strikes.
   Str:       It affects your strength (+8).
   Dex:       It affects your dexterity (-2).
   +Blink:    It lets you blink.
   rCorr:     It protects you from acid and corrosion.
 L - the +8 great mace "Muocikyc" (weapon) {vorpal, rPois}
   (Okawaru gifted it to you on level 1 of the Lair of Beasts)

   It inflicts extra damage upon your enemies.
   rPois:     It protects you from poison.
Missiles
 i - a throwing net (quivered)
Armour
 c - a +1 buckler
 e - a +0 pair of gloves (worn)
 k - a +0 cloak (worn)
 m - the +2 pair of boots of Xongotiu (worn) {Dex+3}
   (You bought it in a shop on level 4 of the Dungeon)

   Dex:       It affects your dexterity (+3).
 u - the +1 ring mail of the Dragon (worn) {rPois}
   (You bought it in a shop on level 4 of the Dungeon)

   rPois:     It protects you from poison.
Jewellery
 f - an amulet of the acrobat (around neck)
 w - a ring of see invisible (left hand)
 x - an amulet of regeneration
 H - a +6 ring of strength (right hand)
Wands
 l - a wand of iceblast (8)
 o - a wand of polymorph (5)
 z - a wand of paralysis (3)
 C - a wand of flame (12)
Scrolls
 a - 2 scrolls of magic mapping
 b - 2 scrolls of fog
 d - a scroll of holy word
 s - 3 scrolls of enchant armour
 t - 3 scrolls of immolation
 v - a scroll of fear
 F - a scroll of vulnerability
 G - 2 scrolls of enchant weapon
 I - 5 scrolls of identify
Potions
 g - 2 potions of flight
 h - a potion of haste
 n - a potion of cancellation
 q - a potion of magic
 r - 2 potions of curing
 A - a potion of brilliance
 B - a potion of lignification
 D - 2 potions of ambrosia
 J - a potion of berserk rage
 K - a potion of invisibility


   Skills:
 * Level 17.2(22.2) Fighting
 - Level 4.6(9.6) Short Blades
 * Level 6.1(11.1) Maces & Flails
 + Level 8.3(13.3) Armour
 + Level 8.4(13.4) Shields
 + Level 4.6 Invocations


You had 11 spell levels left.
You didn't know any spells.
Your spell library contained the following spells:

 Spells                   Type           Power      Damage    Failure   Level
 Apportation              Tloc           0%         N/A       45%         1
 Magic Dart               Conj           0%         1d3       45%         1
 Mephitic Cloud           Conj/Pois/Air  0%         N/A       83%         3
 Alistair's Intoxication  Tmut/Pois      0%         N/A       100%        5
 Call Imp                 Summ           Unusable   N/A       N/A         2

Dungeon Overview and Level Annotations

Branches:
Dungeon (11/15)            Temple (0/1) D:7            Lair (2/6) D:10
  Snake (0/4) Lair:2          Orc (0/2) D:9
  Swamp: Lair:2-4    Shoals: Lair:2-4

Altars:
Cheibriados
Dithmenos
Elyvilon
Hepliaklqana
Okawaru
Qazlal
Sif Muna
Zin

Shops:
D:4 =[[(

Annotations:
Lair:2 Anon1729's ghost, journeyman DrTm


Innate Abilities, Weirdness & Mutations

You are immune to sickness and miasma.
Your stone body is resilient. (AC +8)
You are immune to poison.
You resist negative energy. (rN+)
You are resistant to electric shocks. (rElec)
You are resistant to unholy torment.
You are immune to petrification.


Message History

The 11-headed hydra bites you.
The 11-headed hydra bites you but does no damage.
The 11-headed hydra closely misses you.
The 11-headed hydra bites you but does no damage.
You hit the 11-headed hydra.
The 11-headed hydra is moderately wounded.
The 11-headed hydra bites you! The 11-headed hydra bites you.
The 11-headed hydra closely misses you. x2
The 11-headed hydra bites you but does no damage.
The 11-headed hydra closely misses you.
The 11-headed hydra bites you but does no damage.
The 11-headed hydra bites you! The 11-headed hydra bites you.
* * * LOW HITPOINT WARNING * * *
The 11-headed hydra bites you but does no damage.
The 11-headed hydra closely misses you.
You completely miss the 11-headed hydra.
The 11-headed hydra is moderately wounded.
The 11-headed hydra bites you but does no damage.
The 11-headed hydra misses you.
The 11-headed hydra bites you but does no damage.
The 11-headed hydra bites you.
* * * LOW HITPOINT WARNING * * *
The 11-headed hydra closely misses you. The 11-headed hydra misses you.
The 11-headed hydra completely misses you.
The 11-headed hydra bites you but does no damage.
The 11-headed hydra closely misses you.
The 11-headed hydra bites you but does no damage.
The 11-headed hydra bites you!
* * * LOW HITPOINT WARNING * * *
Okay, then.
Okay, then.
Okay, then.
You feel yourself speed up.
The 11-headed hydra bites you but does no damage.
The 11-headed hydra completely misses you.
The 11-headed hydra bites you but does no damage.
The 11-headed hydra bites you!
* * * LOW HITPOINT WARNING * * *
The 11-headed hydra bites you!
You die...

.....##.........#### ##.###'####
#.######.⌠.#.+### #.......# ...#
#.####..# #.####### #.## ###
#..#### ###..####### #..#
##....# ##P.........# #.##
##.#...###.+.........#
#..########........#...........#
..........'.......##.#.........#
#.#######.#.....@.'............#
#.# ###......D####.........# ..#
##.......P# #.........# #.##
#........P# #.........# #..#
##.......## #.........# #.##
#.####...#######.#.#### ..#
#####...#.##^####..#### .##
#........####.........## .#
#........# #..........#


You could see a 11-headed hydra.

Vanquished Creatures
  A hydra (Lair:2)
  A catoblepas (Lair:2)
  2 two-headed ogres
  Maurice (D:10)
  3 black mambas (Lair:2)
  2 gargoyles
  An unseen horror (D:11)
  6 cane toads
  3 komodo dragons
  A hornet (D:9)
  A shadow (D:9)
  A wyvern (D:9)
  37 yaks
  Menkaure (D:7)
  An acid dragon (D:10)
  7 water moccasins
  A sky beast (D:5)
  Duvessa (D:7)
  6 orc warriors
  3 black bears
  A hornet zombie (D:8)
  4 necrophages
  2 ogres
  6 wolves (Lair:2)
  4 centaurs
  Blork the orc (D:6)
  7 bullfrogs
  A gnoll sergeant (D:8)
  2 scorpions
  A water moccasin zombie (D:5)
  Dowan (D:7)
  A water moccasin skeleton (D:6)
  4 wights (D:10)
  20 killer bees
  3 howler monkeys
  2 centaur zombies (D:8)
  4 hounds
  2 gnoll shamans
  9 orc priests
  3 jellies
  A centaur skeleton (D:5)
  An iguana (D:5)
  9 orc wizards
  A killer bee zombie (D:7)
  A hound skeleton (D:4)
  2 howler monkey zombies
  12 gnolls
  A river rat (D:6)
  14 adders
  2 white imps (D:7)
  2 adder skeletons
  3 worms
  2 dart slugs
  43 orcs
  4 bats
  6 endoplasms
  4 giant cockroaches
  4 goblins
  7 hobgoblins
  5 jackals (D:1)
  7 quokkas
  13 ball pythons
  2 frilled lizards
  7 kobolds
  10 rats
321 creatures vanquished.

Vanquished Creatures (others)
  14 fungi
  20 plants
34 creatures vanquished.

Grand Total: 355 creatures vanquished

Notes
Turn   | Place    | Note
-------+----------+-------------------------------------------
     0 | D:1      | vineage the Gargoyle Fighter began the quest for the Orb.
     0 | D:1      | Reached XP level 1. HP: 14/14 MP: 1/1
   272 | D:1      | Reached XP level 2. HP: 20/20 MP: 2/2
   347 | D:1      | Reached skill level 4 in Fighting
   487 | D:1      | Found a faded altar of an unknown god.
   577 | D:1      | Reached XP level 3. HP: 24/24 MP: 3/3
  1149 | D:2      | Reached skill level 5 in Fighting
  1488 | D:2      | Found a snail-covered altar of Cheibriados.
  1500 | D:2      | Reached XP level 4. HP: 31/31 MP: 4/4
  2212 | D:3      | Reached skill level 6 in Fighting
  2255 | D:3      | Found a white marble altar of Elyvilon.
  2270 | D:3      | Reached XP level 5. HP: 34/36 MP: 5/5
  3027 | D:4      | Found Nobol's Antique Armour Emporium.
  3047 | D:4      | Found Usaoxkit's Armour Shop.
  3498 | D:4      | Reached skill level 7 in Fighting
  3498 | D:4      | Reached XP level 6. HP: 34/44 MP: 6/6
  3809 | D:4      | Noticed a black bear
  3898 | D:4      | Killed a black bear
  3899 | D:4      | Reached skill level 8 in Fighting
  3970 | D:4      | Found a shadowy altar of Dithmenos.
  4022 | D:4      | Found Inailles's Antique Weapon Shoppe.
  4093 | D:4      | Reached XP level 7. HP: 42/50 MP: 7/7
  4162 | D:4      | Found an iron altar of Okawaru.
  4177 | D:4      | Became a worshipper of Warmaster Okawaru
  4187 | D:4      | Found Ruolubluh's Jewellery Boutique.
  4428 | D:4      | Found a hazy altar of Hepliaklqana.
  4487 | D:5      | Entered Level 5 of the Dungeon
  4504 | D:5      | Reached skill level 9 in Fighting
  4976 | D:5      | Reached skill level 10 in Fighting
  5173 | D:5      | Reached XP level 8. HP: 56/57 MP: 8/8
  5195 | D:5      | Reached * piety under Okawaru
  5577 | D:4      | Bought a steaming ring mail for 207 gold pieces
  5577 | D:4      | Identified the +1 ring mail of the Dragon {rPois} (You
                  | bought it in a shop on level 4 of the Dungeon)
  5632 | D:6      | Reached skill level 11 in Fighting
  5799 | D:6      | Found a glowing silver altar of Zin.
  6333 | D:6      | Noticed Blork the orc
  6350 | D:6      | Killed Blork the orc
  6351 | D:6      | Reached skill level 12 in Fighting
  7010 | D:7      | Reached ** piety under Okawaru
  7011 | D:7      | Reached XP level 9. HP: 59/66 MP: 9/9
  7379 | D:7      | Reached skill level 13 in Fighting
  7781 | D:7      | Noticed Menkaure
  7794 | D:7      | Killed Menkaure
  8030 | D:7      | Noticed Duvessa
  8030 | D:7      | Noticed Dowan
  8036 | D:7      | Found a staircase to the Ecumenical Temple.
  8174 | D:7      | Identified the +2 leather armour "Ubuilani" {Regen+}
  8224 | D:7      | Killed Duvessa
  8236 | D:7      | HP: 3/68 [Dowan/shard of ice (21)]
  8243 | D:7      | Killed Dowan
  9081 | D:8      | Reached skill level 14 in Fighting
  9219 | D:8      | HP: 1/69 [orc priest/divine providence (13)]
  9951 | D:8      | Reached *** piety under Okawaru
 10049 | D:8      | Reached XP level 10. HP: 70/76 MP: 10/10
 10694 | D:8      | Identified a scroll of acquirement
 10694 | D:8      | Acquired the +10 quick blade "Kudu" {drain, +Blink rCorr
                  | Str+8 Dex-2}
 10820 | D:9      | Noticed a two-headed ogre
 10830 | D:9      | Reached skill level 1 in Short Blades
 10842 | D:10     | Entered Level 10 of the Dungeon
 11071 | D:10     | Killed a two-headed ogre
 11071 | D:10     | Reached **** piety under Okawaru
 11072 | D:10     | Reached skill level 5 in Armour
 11072 | D:10     | Reached skill level 5 in Shields
 11363 | D:9      | Found a staircase to the Orcish Mines.
 11408 | D:9      | Received a gift from Okawaru
 11416 | D:9      | Reached skill level 15 in Fighting
 11666 | D:9      | Found a shimmering blue altar of Sif Muna.
 11666 | D:9      | Found a stormy altar of Qazlal.
 12076 | D:10     | Identified the +9 spear "Ibumpes" {spect, Str+3}
 12159 | D:10     | Reached XP level 11. HP: 82/82 MP: 11/11
 12166 | D:10     | Reached ***** piety under Okawaru
 12260 | D:10     | Noticed Maurice
 12281 | D:10     | Killed Maurice
 12734 | D:10     | Received a gift from Okawaru
 13040 | D:10     | Reached skill level 16 in Fighting
 13337 | D:10     | Found a staircase to the Lair.
 13542 | D:11     | Reached skill level 1 in Invocations
 13751 | D:11     | Noticed a two-headed ogre
 13762 | D:11     | Killed a two-headed ogre
 14177 | D:11     | Noticed a seven-headed hydra
 14335 | Lair:1   | Entered Level 1 of the Lair of Beasts
 14445 | Lair:1   | Identified the +8 great mace "Muocikyc" {vorpal, rPois}
                  | (Okawaru gifted it to you on level 1 of the Lair of Beasts)
 14445 | Lair:1   | Received a gift from Okawaru
 15001 | Lair:1   | Reached XP level 12. HP: 66/90 MP: 14/14
 15390 | Lair:1   | Received a gift from Okawaru
 16177 | D:4      | Bought the +2 pair of boots of Xongotiu {Dex+3} for 361
                  | gold pieces
 16452 | Lair:2   | Noticed a five-headed hydra
 16458 | Lair:2   | Killed a five-headed hydra
 16459 | Lair:2   | Reached skill level 5 in Maces & Flails
 16696 | Lair:2   | Noticed a catoblepas
 16724 | Lair:2   | Killed a catoblepas
 16725 | Lair:2   | Reached skill level 17 in Fighting
 17296 | Lair:2   | Found a staircase to the Snake Pit.
 17701 | Lair:2   | Found a runed translucent gate.
 17701 | Lair:2   | Found a runed translucent gate.
 17701 | Lair:2   | Found a runed translucent gate.
 17702 | Lair:2   | Noticed Anon1729's ghost (journeyman DrTm)
 17702 | Lair:2   | Noticed a nine-headed hydra
 17703 | Lair:2   | Noticed an 11-headed hydra
 17818 | Lair:1   | HP: 4/91 [11-headed hydra (8)]
 17818 | Lair:1   | Slain by an 11-headed hydra

Illustrated notes

Levels and vault maps discovered:
D:1:      dpeg_arrival_shelter, layout_loops_ring,
          nicolae_ecumenical_lake_church, minmay_bisected
D:2:      layout_basic, basic_altar
D:3:      layout_basic, elyvilon_altar_5, serial_forest,
          infiniplex_forest_lined_corner, infiniplex_forest_corner_1,
          infiniplex_forest_clump_double, infiniplex_forest_zigzag_1,
          infiniplex_forest_side_room, infiniplex_forest_corner_1,
          infiniplex_forest_clump_long, infiniplex_forest_lined_room_
D:4:      layout_cave_pools, nicolae_hepliaklqana_hippocampus,
          nicolae_dithmenos_the_darkroom, okawaru_metal_pillars_3, serial_shops,
          nicolae_take_the_stairs, shop, shop_statue, shop
D:5:      black_bear_nest_1, layout_cave_pools
D:6:      layout_loops_cross, mainiacjoe_overflow_six_doors_small,
          portal_sewer_entry_e, kennysheep_generic_room_6, uniq_blork_the_orc
D:7:      layout_loops_ring, minmay_temple_entry_arrows, grunt_ministairs_9,
          uniq_menkaure, uniq_duvessa
D:8:      layout_loops_ring, minmay_between
D:9:      layout_basic, gammafunk_temple_overflow_wave, david_orc_2,
          minmay_misc_feat_cross
D:10:     layout_rooms, lair_entry_dummy, uniq_maurice
D:11:     layout_basic, st_stairs_7, uniq_josephine
Lair:1:   layout_roguey, grunt_megastairs_3
Lair:2:   layout_concentric_octagons, minmay_snake_entry_six_corridors,
          gammafunk_ghost_hydra_chop, nicolae_lair_lil_pond, grunt_megastairs_1

Skill      XL: |  1  2  3  4  5  6  7  8  9 10 11 12 |
---------------+-------------------------------------+-----
Fighting       | 4 5 6 7 8 10 12 14 15 16 17 | 17.2
Armour         | 4 6 7 8 |  8.3
Shields        | 4 6 7 8 |  8.4
Maces & Flails | 3 4 6 |  6.1
Short Blades   | 3 4 |  4.6
Invocations    | 3 4 |  4.6

Action                   |  1- 3 |  4- 6 |  7- 9 | 10-12 || total
-------------------------+-------+-------+-------+-------++-------
Melee: Flail             |   107 |       |   167 |    66 ||   340
       Mace              |     7 |   143 |   358 |       ||   508
       Quick blade       |       |       |       |   406 ||   406
       Great mace        |       |       |       |   144 ||   144
Invok: Heroism           |       |       |     4 |    11 ||    15
  Use: Scroll            |     3 |     3 |     9 |    10 ||    25
       Potion            |       |     2 |     4 |     2 ||     8
Armor: Scale mail        |    55 |    58 |    72 |       ||   185
       Ring mail         |       |       |   237 |   254 ||   491
Dodge: Dodged            |    49 |    89 |   303 |   347 ||   788
Block: Buckler           |    25 |    29 |   155 |    97 ||   306

Table legend: (Time is in decaauts)
 A = Elapsed time spent in this place.
 B = Non-inter-level travel time spent in this place.
 C = Inter-level travel time spent in this place.
 D = Time resting spent in this place.
 E = Time spent auto-exploring this place.
 F = Levels seen in this place.
 G = Mean time per level.
                   A        B        C        D        E       F      G
               +--------+--------+--------+--------+--------+-----+--------+
         Total |  17944 |  17001 |    943 |   3647 |  10534 |  13 | 1380.3 |
       Dungeon |  14877 |  13992 |    885 |   3304 |   8287 |  11 | 1352.5 |
          Lair |   3067 |   3010 |     57 |    343 |   2247 |   2 | 1533.5 |
               +--------+--------+--------+--------+--------+-----+--------+

Top non-repeatable levels by time:
    D:10: 2147 daAuts
     D:7: 1860 daAuts
     D:8: 1731 daAuts
     D:6: 1703 daAuts
     D:3: 1691 daAuts
  Lair:1: 1542 daAuts
  Lair:2: 1525 daAuts
     D:5: 1122 daAuts
     D:4: 1022 daAuts
     D:1: 999 daAuts
     D:2: 967 daAuts
     D:9: 940 daAuts
    D:11: 691 daAuts
